 Dungeon Crawl Stone Soup version 0.18.1-50-g88ac8fd (webtiles) character file.

67 ololoev the Magician (level 4, 0/24 HPs)
             Began as a Deep Elf Earth Elementalist on Dec 5, 2016.
             Killed by divine providence
             ... invoked by an orc priest
              (8 damage)
             ... on level 3 of the Dungeon.
             The game lasted 00:04:09 (458 turns).

ololoev the Magician (Deep Elf Earth Elementalist)   Turns: 458, Time: 00:04:09

Health: 0/24       AC:  0    Str:  5    XL:     4   Next: 0%
Magic:  2/13       EV: 13    Int: 21    God:
Gold:   91         SH:  0    Dex: 15    Spells: 2 memorised, 10 levels left

rFire  . . .     SeeInvis .     b - 98 stones
rCold  . . .     Gourm    .     a - +0 robe
rNeg   . . .     Faith    .     (no shield)
rPois  .         Spirit   .     (no helmet)
rElec  .         Dismiss  .     (no cloak)
rCorr  .         Reflect  .     h - +0 pair of gloves
SustAt .         Harm     .     (no boots)
MR     .....                    (no amulet)
Stlth  ++........               (no ring)
                                e - -3 ring of protection (curse)

@: not resistant to hostile enchantments, unstealthy
A: no striking features
a: no special abilities

Inventory:

Missiles
 b - 98 stones (in hand)
Armour
 a - a +0 robe (worn)
 h - a +0 pair of gloves (worn)
Jewellery
 e - a cursed -3 ring of protection (left hand)
Scrolls
 g - a scroll of noise {unknown}
 k - a scroll of identify {unknown}
 l - 3 scrolls of recharging {unknown}
Potions
 i - a potion of flight {unknown}
Books
 c - a book of Geomancy

   Spells                             Type                      Level
   a - Sandblast                      Earth                        1
   b - Passwall                       Transmutation/Earth          2
   c - Stone Arrow                    Conjuration/Earth            3
   d - Petrify                        Transmutation/Earth          4
   e - Lee's Rapid Deconstruction     Earth                        5
Comestibles
 d - a bread ration
 f - 2 meat rations


   Skills:
 - Level 2.4 Dodging
 - Level 2.4 Stealth
 * Level 5.1 Spellcasting
 - Level 1.1 Transmutations
 + Level 4.1 Earth Magic


You had 10 spell levels left.
You knew the following spells:

 Your Spells              Type           Power        Failure   Level  Hunger
a - Sandblast             Erth           ###...       1%          1    None
w - Passwall              Trmt/Erth      ###.......   8%          2    None


You were on level 3 of the Dungeon.
You were not hungry.

You visited 1 branch of the dungeon, and saw 3 of its levels.

You collected 91 gold pieces.

#.# #######.# .# #.......#
.# #.####### ..# #.#
##..#### #.# ....... #.#
...)...
###.#############.....#
#.........o...oW@.†..#
#.#.################[###8..
#.#.####### ##....)..##...
# #.[..Wo.# #.....)..#8...
#######o# #..#o....##...
#.####..#.###.##8..
#.W..#.W..# .# #_
####W##.### .# #.##.# #

Notes
Turn   | Place    | Note
--------------------------------------------------------------
     0 | D:1      | ololoev the Deep Elf Earth Elementalist began the quest for the Orb.
     0 | D:1      | Reached XP level 1. HP: 10/10 MP: 6/6
   144 | D:2      | Reached XP level 2. HP: 15/15 MP: 3/8
   145 | D:2      | Reached skill level 4 in Spellcasting
   154 | D:2      | Learned a level 2 spell: Passwall
   213 | D:2      | Found a snail-covered altar of Cheibriados.
   219 | D:2      | Found a blossoming altar of Fedhas.
   222 | D:2      | Found a sparkling altar of Nemelex Xobeh.
   408 | D:3      | Found an oddly glowing altar of Pakellas.
   409 | D:3      | Noticed ololoev's ghost (weakling DEEE)
   411 | D:3      | Reached XP level 3. HP: 19/19 MP: 7/10
   416 | D:3      | Reached skill level 5 in Spellcasting
   457 | D:3      | Reached XP level 4. HP: 13/24 MP: 1/13
   458 | D:3      | Killed from afar by an orc priest

Dungeon Overview and Level Annotations

Branches:
Dungeon (3/15)

Altars:
Cheibriados
Fedhas
Nemelex Xobeh
Pakellas

Annotations:
D:3 ololoev's ghost, weakling DEEE


Message History

The orc is moderately wounded.
The orc hits you but does no damage.
Unknown command.
Casting: Sandblast
Confirm with . or Enter, or press ? or * to list all spells.
Aiming: Sandblast
Press: ? - help, Shift-Dir - straight line, f/p - orc
Aim: an orc, wielding a war axe and wearing a ring mail (moderately wounded)
The rocky blast hits the orc wizard.
You kill the orc wizard!
Your Spellcasting skill increases to level 5!
Your Earth Magic skill increases to level 4!
The orc closely misses you.
Casting: Sandblast
Confirm with . or Enter, or press ? or * to list all spells.
Aiming: Sandblast
Press: ? - help, Shift-Dir - straight line, f/p - orc
Aim: an orc, wielding a war axe and wearing a ring mail (moderately wounded)
The rocky blast hits the orc.
You kill the orc!
The orc barely misses you.
Casting: Sandblast
Confirm with . or Enter, or press ? or * to list all spells.
Aiming: Sandblast
Press: ? - help, Shift-Dir - straight line, f - orc
Aim: an orc, wielding a short sword The rocky blast hits the orc.
You kill the orc!
Casting: Sandblast
Confirm with . or Enter, or press ? or * to list all spells.
Aiming: Sandblast
Press: ? - help, Shift-Dir - straight line, f - orc
Aim: an orc, wearing a scale mail The rocky blast hits the orc.
The orc closely misses you.
You hear the rusting of a very distant drain.
Drink which item? (? for menu, Esc to quit)
Okay, then.
Ololoev's ghost whispers, "It is all a dream - a grotesque and foolish dream."
The orc misses you.
Casting: Sandblast
Confirm with . or Enter, or press ? or * to list all spells.
Okay, then.
Casting: Sandblast
Confirm with . or Enter, or press ? or * to list all spells.
Aiming: Sandblast
Press: ? - help, Shift-Dir - straight line, f/p - orc
Aim: an orc, wearing a scale mail The rocky blast hits the orc.
You kill the orc!
Found 20 stones.
Ololoev's ghost wails, "I have seen your future, and it is all used up."
Ololoev's ghost lets out a mournful wail.
An orc comes into view. It is wielding a hand axe.
You see here 20 stones.
b - 100 stones (gained 20)
The orc priest casts a cantrip, but nothing happens.
An orc comes into view.
Casting: Sandblast
Confirm with . or Enter, or press ? or * to list all spells.
Aiming: Sandblast
Press: ? - help, Shift-Dir - straight line, f - orc
Aim: an orc, wielding a hand axe The rocky blast misses the orc.
The rocky blast hits the orc.
You kill the orc!
Casting: Sandblast
Confirm with . or Enter, or press ? or * to list all spells.
Aiming: Sandblast
Press: ? - help, Shift-Dir - straight line, f/p - orc
Aim: an orc, wielding a hand axe The rocky blast hits the orc.
You kill the orc!
You have reached level 4!
You feel clever.
Ololoev's ghost says very slowly, "There's no hope."
Ololoev's ghost hits you.
The orc priest miscasts a cantrip.
All of the chunks of flesh in your inventory have rotted away.
The orc priest calls down the wrath of Beogh upon you.
Beogh smites you!
You die...

You could see an orc priest, ololoev's ghost and an orc.

Vanquished Creatures
  An orc wizard (D:3)
  An adder (D:2)
  An ooze (D:3)
  6 orcs (D:3)
  6 goblins
  2 hobgoblins (D:1)
  A kobold (D:2)
  4 rats (D:2)
22 creatures vanquished.

Action                   |  1- 3 |  4- 6 || total
-------------------------+-------+-------++-------
 Cast: Sandblast         |    33 |     1 ||    34
Dodge: Dodged            |     6 |       ||     6

Vault maps used:
D:1:      lightli_arrival_statue_moat
D:2:      kennysheep_big_flooded_room, grunt_temple_overflow_diamond,
          led_sif_pool, dk_noncrumbling_2
D:3:      nicolae_overflow_hidden_temple, gup_sewer_entry_glass, uniq_iyjb
